General information
			
			
        
        - name: BNet
 
        - type: Ladder team game (AT/RT)
 
        - host: Battle.net
 
        - saver: TALONSAREIMBA
 
        
map: FullScaleAssault 
        - players: 8
 
        - length: 39:49
 
        - speed: Fast
 - version: 1.22 W3XP
 - replay type:  Public
 
» download(278 KB)
Players
        team 1 (winner) 
              
              
» 
BlackMystery (
yellow | 132 APM | 5264 actions | 39:48)
              
 10 Archmage 
 3 Summon Water Elemental
 3 Brilliance Aura
 1 Mass Teleport
 3 Blizzard
 
                » actions 
                
                | Assign group hotkey | 521 |  | 
| Basic commands | 241 |  | 
| Build / train | 112 |  | 
| ESC pressed | 4 |  | 
| Enter build submenu | 35 |  | 
| Enter hero's abilities submenu | 10 |  | 
| Give item / drop item | 2 |  | 
| Right click | 1450 |  | 
| Select / deselect | 562 |  | 
| Select group hotkey | 2122 |  | 
| Use ability | 205 |  | 
                5264 total
 » units 
                
                | Peasant | 13 |  | 
| Rifleman | 14 |  | 
| Sorceress | 16 |  | 
| Siege Engine | 7 |  | 
                50 total
 » upgrades
                
                | Gunpowder | 3 |  | 
| Armor | 4 |  | 
| Sorceress Training | 2 |  | 
| Long Rifles | 1 |  | 
| Lumber Harvesting | 2 |  | 
| Magic Sentry | 1 |  | 
| Fragmentation Shards | 1 |  | 
| Barrage | 1 |  | 
| Masonry | 1 |  | 
| Plating | 1 |  | 
                17 total
 » buildings
                
                | Farm | 13 |  | 
| Altar of Kings | 1 |  | 
| Barracks | 2 |  | 
| Lumber Mill | 2 |  | 
| Blacksmith | 1 |  | 
| Keep | 4 |  | 
| Arcane Vault | 1 |  | 
| Scout Tower | 2 |  | 
| Arcane Sanctum | 2 |  | 
| Town Hall | 2 |  | 
| Castle | 1 |  | 
| Arcane Tower | 3 |  | 
| Workshop | 2 |  | 
                36 total
 » build order
                00:08 Farm
00:12 Altar of Kings
00:40 Farm
01:30 Barracks
01:33 Barracks
02:05 Lumber Mill
02:13 Farm
02:44 Blacksmith
02:50 Farm
02:53 Farm
03:40 Keep
03:41 Keep
03:51 Farm
05:17 Farm
05:27 Arcane Vault
05:49 Scout Tower
06:29 Arcane Sanctum
06:34 Arcane Sanctum
07:51 Town Hall
08:02 Castle
09:12 Arcane Tower
09:34 Farm
10:13 Farm
11:14 Scout Tower
11:17 Farm
11:52 Arcane Tower
11:58 Farm
14:12 Workshop
14:14 Workshop
14:16 Farm
15:17 Farm
17:51 Lumber Mill
29:27 Town Hall
» items
                 
               
              
              
» 
TALONSAREIMBA (
blue | 117 APM | 4679 actions | 39:49)
              
 10 Mountain King 
 3 Storm Bolt
 3 Bash
 1 Avatar
 3 Thunder Clap
 8 Blood Mage 
 3 Banish
 3 Siphon Mana
 1 Summon Phoenix
 1 Flame Strike
 8 Paladin 
 3 Holy Light
 3 Devotion Aura
 1 Resurrection
 1 Divine Shield
 
                » actions 
                
                | Assign group hotkey | 45 |  | 
| Basic commands | 339 |  | 
| Build / train | 137 |  | 
| ESC pressed | 9 |  | 
| Enter build submenu | 34 |  | 
| Enter hero's abilities submenu | 31 |  | 
| Give item / drop item | 9 |  | 
| Remove unit from queue | 1 |  | 
| Right click | 1800 |  | 
| Select / deselect | 1256 |  | 
| Select group hotkey | 835 |  | 
| Use ability | 183 |  | 
                4679 total
 » units 
                
                | Peasant | 25 |  | 
| Footman | 4 |  | 
| Gryphon Rider | 21 |  | 
| Mortar Team | 3 |  | 
                53 total
 » upgrades
                
                | Masonry | 3 |  | 
| Animal War Training | 1 |  | 
| Storm Hammers | 1 |  | 
| Swords | 3 |  | 
| Armor | 3 |  | 
| Fragmentation Shards | 1 |  | 
                12 total
 » buildings
                
                | Altar of Kings | 1 |  | 
| Farm | 10 |  | 
| Barracks | 1 |  | 
| Lumber Mill | 3 |  | 
| Town Hall | 3 |  | 
| Scout Tower | 8 |  | 
| Arcane Vault | 1 |  | 
| Arcane Tower | 1 |  | 
| Keep | 1 |  | 
| Blacksmith | 1 |  | 
| Guard Tower | 6 |  | 
| Castle | 1 |  | 
| Gryphon Aviary | 3 |  | 
| Workshop | 2 |  | 
                42 total
 » build order
                00:04 Altar of Kings
00:05 Farm
00:23 Barracks
00:38 Farm
01:36 Farm
02:10 Lumber Mill
03:37 Town Hall
03:40 Scout Tower
03:57 Arcane Vault
04:08 Arcane Tower
05:12 Keep
05:15 Lumber Mill
05:24 Blacksmith
05:51 Farm
06:28 Farm
06:36 Scout Tower
07:05 Farm
07:08 Guard Tower
07:34 Castle
07:46 Gryphon Aviary
07:51 Gryphon Aviary
09:06 Farm
09:34 Farm
09:50 Farm
12:33 Farm
21:34 Town Hall
23:00 Workshop
23:01 Workshop
29:50 Scout Tower
29:51 Scout Tower
30:33 Guard Tower
30:33 Scout Tower
30:35 Scout Tower
30:37 Scout Tower
30:39 Lumber Mill
33:45 Guard Tower
34:37 Guard Tower
34:39 Guard Tower
34:40 Scout Tower
35:45 Guard Tower
36:00 Town Hall
37:03 Gryphon Aviary
» items
                
                | Lesser Clarity Potion | 3 |  | 
| Staff of Teleportation | 1 |  | 
| Potion of Lesser Invulnerability | 1 |  | 
| Periapt of Vitality | 4 |  | 
| Potion of Healing | 8 |  | 
| Potion of Mana | 3 |  | 
| Scroll of Town Portal | 8 |  | 
| Scroll of Regeneration | 4 |  | 
                32 total
  
               
              
              
Juggs_0_0 (
pink | 32 APM | 1260 actions | 39:48)
              
 5 Blademaster 
 3 Wind Walk
 2 Mirror Image
 
                » actions 
                
                | Basic commands | 21 |  | 
| Build / train | 85 |  | 
| Enter build submenu | 23 |  | 
| Enter hero's abilities submenu | 5 |  | 
| Right click | 666 |  | 
| Select / deselect | 400 |  | 
| Use ability | 60 |  | 
                1260 total
 » units 
                
                | Peon | 12 |  | 
| Grunt | 3 |  | 
| Raider | 56 |  | 
| Tauren | 1 |  | 
                72 total
 » upgrades
                
                | Spiked Barricades | 1 |  | 
| Pillage | 1 |  | 
                2 total
 » buildings
                
                | Barracks | 1 |  | 
| Orc Burrow | 13 |  | 
| Stronghold | 1 |  | 
| War Mill | 1 |  | 
| Watch Tower | 4 |  | 
| Beastiary | 2 |  | 
| Altar of Storms | 1 |  | 
| Voodoo Lounge | 2 |  | 
| Fortress | 1 |  | 
| Spirit Lodge | 1 |  | 
| Tauren Totem | 1 |  | 
                28 total
 » build order
                00:11 Barracks
00:15 Orc Burrow
00:18 Orc Burrow
02:56 Stronghold
03:09 War Mill
05:37 Watch Tower
05:38 Watch Tower
05:41 Watch Tower
05:49 Beastiary
05:57 Altar of Storms
08:06 Orc Burrow
10:25 Orc Burrow
10:26 Orc Burrow
12:13 Voodoo Lounge
14:20 Beastiary
15:46 Orc Burrow
15:49 Orc Burrow
16:50 Orc Burrow
16:55 Orc Burrow
18:28 Fortress
25:31 Spirit Lodge
25:34 Tauren Totem
31:18 Orc Burrow
31:19 Orc Burrow
31:22 Orc Burrow
35:19 Voodoo Lounge
35:24 Orc Burrow
35:39 Watch Tower
» items
                
                | Scroll of Speed | 2 |  | 
| Potion of Healing | 1 |  | 
                3 total
  
               
              
              
» 
Turkish_Knight (
teal | 22 APM | 875 actions | 39:48)
              
 5 Archmage 
 3 Blizzard
 2 Brilliance Aura
 
                » actions 
                
                | Build / train | 65 |  | 
| Enter build submenu | 48 |  | 
| Enter hero's abilities submenu | 5 |  | 
| Right click | 395 |  | 
| Select / deselect | 281 |  | 
| Use ability | 81 |  | 
                875 total
 » units 
                
                | Peasant | 9 |  | 
| Footman | 7 |  | 
| Goblin Shredder | 4 |  | 
| Goblin Zeppelin | 2 |  | 
| Knight | 12 |  | 
| Priest | 9 |  | 
                43 total
 » upgrades
                » buildings
                
                | Farm | 8 |  | 
| Altar of Kings | 2 |  | 
| Barracks | 4 |  | 
| Lumber Mill | 2 |  | 
| Keep | 2 |  | 
| Blacksmith | 2 |  | 
| Arcane Vault | 1 |  | 
| Castle | 2 |  | 
| Arcane Sanctum | 1 |  | 
| Town Hall | 5 |  | 
| Scout Tower | 19 |  | 
| Guard Tower | 9 |  | 
                57 total
 » build order
                00:05 Farm
00:07 Altar of Kings
00:11 Farm
00:13 Barracks
02:06 Lumber Mill
04:24 Keep
04:32 Farm
04:41 Blacksmith
06:38 Arcane Vault
06:45 Farm
06:48 Castle
07:27 Barracks
08:31 Arcane Sanctum
11:29 Farm
11:32 Farm
12:14 Farm
12:16 Farm
14:53 Town Hall
21:36 Town Hall
21:44 Town Hall
24:36 Altar of Kings
24:45 Keep
25:29 Lumber Mill
25:38 Scout Tower
26:08 Scout Tower
26:10 Scout Tower
26:12 Scout Tower
26:13 Scout Tower
26:14 Scout Tower
26:17 Scout Tower
26:19 Scout Tower
26:23 Scout Tower
26:29 Scout Tower
27:18 Scout Tower
27:20 Scout Tower
27:21 Scout Tower
27:22 Scout Tower
27:24 Scout Tower
28:05 Guard Tower
28:09 Guard Tower
28:16 Guard Tower
28:23 Guard Tower
28:29 Guard Tower
28:38 Guard Tower
28:42 Guard Tower
29:17 Scout Tower
29:18 Scout Tower
29:20 Scout Tower
29:22 Scout Tower
29:37 Castle
29:48 Blacksmith
30:21 Guard Tower
30:49 Guard Tower
30:53 Barracks
31:08 Barracks
38:49 Town Hall
38:55 Town Hall
» items
                 
               team 2 (loser) 
              
              
maracatu_atomic (
orange | 39 APM | 1553 actions | 39:38)
              
 9 Demon Hunter 
 3 Immolation
 3 Evasion
 1 Metamorphosis
 2 Mana Burn
 6 Keeper of the Grove 
 3 Entangling Roots
 2 Thorns Aura
 1 Tranquility
 6 Priestess of the Moon 
 3 Trueshot Aura
 2 Searing Arrows
 1 Starfall
 
                » actions 
                
                | Assign group hotkey | 47 |  | 
| Basic commands | 3 |  | 
| Build / train | 131 |  | 
| Enter build submenu | 23 |  | 
| Enter hero's abilities submenu | 21 |  | 
| Give item / drop item | 2 |  | 
| Remove unit from queue | 2 |  | 
| Right click | 571 |  | 
| Select / deselect | 392 |  | 
| Select group hotkey | 282 |  | 
| Use ability | 79 |  | 
                1553 total
 » units 
                
                | Wisp | 24 |  | 
| Archer | 2 |  | 
| Huntress | 3 |  | 
| Goblin Shredder | 1 |  | 
| Goblin Zeppelin | 1 |  | 
| Dryad | 15 |  | 
| Hippogryph | 10 |  | 
| Chimaera | 11 |  | 
| Druid of the Talon | 1 |  | 
| Druid of the Claw | 3 |  | 
| Frost Wyrm | 1 |  | 
                72 total
 » upgrades
                
                | Strength of the Wild | 3 |  | 
| Reinforced Hides | 3 |  | 
| Corrosive Breath | 1 |  | 
| Druid of the Talon Training | 1 |  | 
| Abolish Magic | 1 |  | 
| Druid of the Claw Training | 3 |  | 
                12 total
 » buildings
                
                | Altar of Elders | 1 |  | 
| Moon Well | 7 |  | 
| Ancient of War | 1 |  | 
| Ancient of Wonders | 1 |  | 
| Hunter's Hall | 1 |  | 
| Tree of Ages | 1 |  | 
| Tree of Eternity | 1 |  | 
| Ancient of Wind | 3 |  | 
| Ancient of Lore | 2 |  | 
| Tree of Life | 2 |  | 
| Chimaera Roost | 3 |  | 
                23 total
 » build order
                00:06 Altar of Elders
00:22 Moon Well
01:28 Ancient of War
01:32 Moon Well
01:56 Ancient of Wonders
02:29 Hunter's Hall
02:51 Moon Well
04:51 Tree of Ages
08:03 Tree of Eternity
08:08 Ancient of Wind
08:10 Ancient of Lore
09:45 Tree of Life
10:19 Ancient of Wind
10:26 Ancient of Wind
11:20 Moon Well
11:21 Moon Well
11:22 Moon Well
12:01 Chimaera Roost
12:03 Chimaera Roost
12:05 Chimaera Roost
13:37 Moon Well
21:36 Ancient of Lore
30:02 Tree of Life
» items
                
                | Lesser Clarity Potion | 2 |  | 
| Scroll of Healing | 2 |  | 
| Potion of Lesser Invulnerability | 3 |  | 
| Orb of Venom | 1 |  | 
| Potion of Healing | 2 |  | 
| Scroll of Town Portal | 4 |  | 
| Staff of Preservation | 1 |  | 
| Potion of Mana | 1 |  | 
| Orb of Corruption | 1 |  | 
| Staff of Teleportation | 1 |  | 
                18 total
  
               
              
              
» 
ExpoGunna (
purple | 32 APM | 1278 actions | 39:48)
              
 8 Naga Sea Witch 
 3 Forked Lightning
 3 Frost Arrows
 1 Tornado
 1 Mana Shield
 1 Dreadlord 
 1 Sleep
 2 Mountain King 
 2 Bash
 
                » actions 
                
                | Build / train | 104 |  | 
| Enter build submenu | 22 |  | 
| Enter hero's abilities submenu | 13 |  | 
| Give item / drop item | 1 |  | 
| Right click | 490 |  | 
| Select / deselect | 496 |  | 
| Use ability | 152 |  | 
                1278 total
 » units 
                
                | Wisp | 31 |  | 
| Archer | 9 |  | 
| Druid of the Claw | 29 |  | 
| Frost Wyrm | 3 |  | 
                72 total
 » upgrades
                
                | Strength of the Wild | 3 |  | 
| Druid of the Claw Training | 2 |  | 
| Reinforced Hides | 3 |  | 
| Well Spring | 1 |  | 
| Mark of the Claw | 1 |  | 
| Improved Bows | 1 |  | 
| Marksmanship | 1 |  | 
| Strength of the Moon | 1 |  | 
| Moon Armor | 1 |  | 
| Ultravision | 1 |  | 
                15 total
 » buildings
                
                | Altar of Elders | 1 |  | 
| Moon Well | 8 |  | 
| Ancient of War | 2 |  | 
| Tree of Life | 2 |  | 
| Ancient of Wonders | 1 |  | 
| Hunter's Hall | 1 |  | 
| Tree of Ages | 1 |  | 
| Tree of Eternity | 1 |  | 
| Ancient of Lore | 2 |  | 
| Ancient Protector | 5 |  | 
                24 total
 » build order
                00:38 Altar of Elders
00:45 Moon Well
00:51 Ancient of War
01:34 Moon Well
02:33 Ancient of War
03:24 Moon Well
04:31 Tree of Life
04:43 Moon Well
05:21 Ancient of Wonders
05:28 Hunter's Hall
06:04 Moon Well
07:02 Moon Well
07:13 Tree of Ages
08:00 Moon Well
09:10 Moon Well
09:47 Tree of Eternity
09:53 Ancient of Lore
09:55 Ancient of Lore
10:10 Ancient Protector
13:35 Ancient Protector
15:12 Ancient Protector
15:36 Ancient Protector
17:53 Ancient Protector
27:30 Tree of Life
» items
                
                | Orb of Venom | 1 |  | 
| Staff of Preservation | 1 |  | 
| Scroll of Town Portal | 1 |  | 
                3 total
  
               
              
              
iamablackjew (
red | 44 APM | 1138 actions | 25:39)
              
 4 Dreadlord 
 2 Vampiric Aura
 2 Sleep
 4 Beastmaster 
 1 Summon Bear
 2 Summon Hawk
 1 Summon Quilbeast
 
                » actions 
                
                | Assign group hotkey | 26 |  | 
| Basic commands | 2 |  | 
| Build / train | 80 |  | 
| Enter build submenu | 21 |  | 
| Enter hero's abilities submenu | 8 |  | 
| Give item / drop item | 2 |  | 
| Right click | 442 |  | 
| Select / deselect | 304 |  | 
| Select group hotkey | 167 |  | 
| Use ability | 86 |  | 
                1138 total
 » units 
                
                | Acolyte | 11 |  | 
| Ghoul | 8 |  | 
| Goblin Shredder | 2 |  | 
| Gargoyle | 7 |  | 
| Frost Wyrm | 16 |  | 
                44 total
 » upgrades
                
                | Creature Carapace | 3 |  | 
| Creature Attack | 3 |  | 
| Freezing Breath | 1 |  | 
                7 total
 » buildings
                
                | Altar of Darkness | 1 |  | 
| Ziggurat | 11 |  | 
| Crypt | 1 |  | 
| Tomb of Relics | 1 |  | 
| Graveyard | 1 |  | 
| Nerubian Tower | 4 |  | 
| Halls of the Dead | 1 |  | 
| Spirit Tower | 5 |  | 
| Sacrificial Pit | 1 |  | 
| Black Citadel | 1 |  | 
| Boneyard | 3 |  | 
                30 total
 » build order
                00:20 Altar of Darkness
00:25 Ziggurat
01:02 Crypt
01:09 Ziggurat
01:19 Tomb of Relics
01:32 Graveyard
01:40 Nerubian Tower
03:29 Ziggurat
05:52 Halls of the Dead
06:41 Ziggurat
07:01 Ziggurat
07:04 Ziggurat
07:09 Ziggurat
07:13 Ziggurat
07:47 Spirit Tower
07:53 Nerubian Tower
07:56 Spirit Tower
08:01 Spirit Tower
08:05 Nerubian Tower
08:18 Sacrificial Pit
08:50 Ziggurat
08:55 Ziggurat
08:59 Nerubian Tower
10:06 Spirit Tower
10:08 Spirit Tower
11:46 Black Citadel
11:54 Ziggurat
14:15 Boneyard
14:18 Boneyard
14:21 Boneyard
» items
                
                | Rod of Necromancy | 4 |  | 
| Orb of Corruption | 2 |  | 
| Potion of Healing | 2 |  | 
                8 total
  
               
              
              
» 
Ace.of.Clubs (
green | 27 APM | 920 actions | 33:45)
              
 8 Mountain King 
 3 Storm Bolt
 3 Thunder Clap
 1 Avatar
 1 Bash
 
                » actions 
                
                | Build / train | 64 |  | 
| Enter build submenu | 39 |  | 
| Enter hero's abilities submenu | 8 |  | 
| Give item / drop item | 1 |  | 
| Remove unit from queue | 4 |  | 
| Right click | 472 |  | 
| Select / deselect | 265 |  | 
| Use ability | 67 |  | 
                920 total
 » units 
                
                | Peasant | 12 |  | 
| Siege Engine | 21 |  | 
| Knight | 6 |  | 
                39 total
 » upgrades
                
                | Armor | 0 |  | 
| Gunpowder | 2 |  | 
| Plating | 2 |  | 
| Lumber Harvesting | 1 |  | 
| Masonry | 1 |  | 
| Barrage | 1 |  | 
| Animal War Training | 1 |  | 
                8 total
 » buildings
                
                | Farm | 17 |  | 
| Altar of Kings | 1 |  | 
| Scout Tower | 9 |  | 
| Keep | 1 |  | 
| Lumber Mill | 1 |  | 
| Guard Tower | 3 |  | 
| Blacksmith | 1 |  | 
| Workshop | 3 |  | 
| Castle | 1 |  | 
| Arcane Vault | 2 |  | 
| Barracks | 2 |  | 
| Town Hall | 1 |  | 
                42 total
 » build order
                00:07 Farm
00:09 Altar of Kings
00:50 Farm
01:25 Farm
02:27 Farm
02:43 Scout Tower
03:10 Scout Tower
03:12 Scout Tower
03:15 Scout Tower
03:18 Farm
03:20 Keep
03:23 Lumber Mill
03:33 Scout Tower
03:49 Scout Tower
04:49 Farm
04:52 Guard Tower
04:53 Guard Tower
05:35 Farm
05:45 Blacksmith
05:51 Farm
06:33 Workshop
06:35 Workshop
07:18 Farm
07:20 Farm
07:22 Farm
07:24 Farm
08:02 Castle
08:56 Workshop
09:44 Farm
09:46 Farm
09:49 Farm
09:53 Farm
10:25 Farm
11:20 Scout Tower
11:22 Scout Tower
11:24 Scout Tower
12:19 Guard Tower
14:11 Arcane Vault
14:19 Arcane Vault
21:18 Barracks
21:25 Barracks
28:54 Town Hall
» items
                 
                Chat log
          (00:18 / Allies) Turkish_Knight: plan?
(00:30 / Allies) BlackMystery: rifle/casters
(00:38 / Allies) Turkish_Knight: knights psirts
(00:47 / Allies) Juggs_0_0: riders / bats
(01:41 / Allies) Turkish_Knight: iam gonna get fast eexpo
(01:59 / Allies) Turkish_Knight: well not really fast
(04:52 / Allies) Juggs_0_0: lol u guys all randomed humans
(05:01 / Allies) BlackMystery: lol
(05:19 / Allies) Turkish_Knight: yellow here
(05:23 / Allies) BlackMystery: kk sec
(07:43 / Allies) Juggs_0_0: riders being made
(08:54 / Allies) BlackMystery: want agility boots pink?
(09:00 / Allies) Juggs_0_0: sure
(09:04 / Allies) BlackMystery: kk i'll leave them at ur base
(09:07 / Allies) Juggs_0_0: thx
(09:10 / Allies) BlackMystery: np
(10:01 / Allies) Juggs_0_0: im not greate at this but il do my best
(10:08 / Allies) BlackMystery: ?
(10:16 / Allies) Juggs_0_0: lol
(10:42 / Allies) Juggs_0_0: oj
(14:30 / Allies) Juggs_0_0: bird
(14:41 / Allies) BlackMystery: chims
(15:59 / Allies) TALONSAREIMBA: go
(16:00 / Allies) TALONSAREIMBA: go
(16:05 / Allies) TALONSAREIMBA: go
(16:09 / Allies) TALONSAREIMBA: go in please
(16:12 / Allies) BlackMystery: attacking already?
(17:11 / Allies) BlackMystery: pink raiders only?
(17:14 / Allies) TALONSAREIMBA: hes fine
(17:17 / Allies) Juggs_0_0: maekintg bats
(17:20 / Allies) TALONSAREIMBA: no
(17:21 / Allies) BlackMystery: okay
(17:22 / Allies) TALONSAREIMBA: ur fine
(17:30 / Allies) Turkish_Knight: now they counter
(17:32 / Allies) BlackMystery: im mkaing tanks
(17:52 / Allies) Turkish_Knight: get ready to tp guys
(18:29 / All) ExpoGunna: BEARS NIGGA
(18:42 / Allies) Turkish_Knight: baxck blue
(18:44 / Allies) Turkish_Knight: back
(19:03 / Allies) Turkish_Knight: yeloow tp
(20:01 / Allies) TALONSAREIMBA: pink tp
(20:21 / Allies) Turkish_Knight: pink is a gay noob
(20:23 / Allies) Turkish_Knight: tp 
(20:25 / Allies) Juggs_0_0: lol
(20:26 / Allies) Juggs_0_0: i used
(20:36 / Allies) Turkish_Knight: why didn t u buy another onw?
(20:45 / Allies) Juggs_0_0: cuz u got attacked
(20:54 / Allies) Turkish_Knight: hurry
(21:21 / Allies) Turkish_Knight: yes go and counter
(22:09 / Allies) BlackMystery: i'll get it
(22:10 / Allies) BlackMystery: i can mass tp
(22:17 / Allies) Turkish_Knight: dont
(22:51 / Allies) Turkish_Knight: yellow go help there hit
(23:08 / Allies) BlackMystery: FIGHT IT
(23:32 / Allies) BlackMystery: keep sending units
(23:50 / Allies) BlackMystery: bears
(24:22 / Allies) Turkish_Knight: get chims blue
(24:27 / Allies) Turkish_Knight: nvm
(25:00 / Allies) TALONSAREIMBA: raiders
(25:06 / Allies) BlackMystery: are useless
(25:09 / Allies) TALONSAREIMBA: we need for tanks
(25:17 / Allies) BlackMystery: we shud get taurens
(25:18 / Allies) Juggs_0_0: raiders took there bace
(25:18 / Allies) BlackMystery: -.-
(25:39 / All) ExpoGunna: and i care becuz?
(26:29 / Allies) BlackMystery: u dunt upgrade ur raider do u
(26:51 / Allies) Turkish_Knight: wtf pink
(26:56 / Allies) Turkish_Knight: over here
(27:49 / Allies) Juggs_0_0: help
(28:07 / Allies) TALONSAREIMBA: dh
(28:51 / Allies) BlackMystery: ...
(28:52 / Allies) BlackMystery: sigh
(29:48 / Allies) Juggs_0_0: yellow
(29:49 / All) ExpoGunna: 2v1
(30:03 / Allies) Turkish_Knight: ensrae
(30:06 / Allies) Turkish_Knight: ensare
(30:47 / Allies) BlackMystery: no ensnare?
(31:49 / Allies) Juggs_0_0: oj
(32:32 / Allies) BlackMystery: gg
(32:39 / Allies) TALONSAREIMBA: brt
(32:41 / Allies) TALONSAREIMBA: we're fine
(33:18 / Allies) Turkish_Knight: counter?
(33:22 / Allies) TALONSAREIMBA: yeah
(33:30 / Allies) Juggs_0_0: i still need 2 rebuild
(33:33 / Allies) Turkish_Knight: pink can i get money?
(33:39 / Allies) Juggs_0_0: how much
(33:45 / Allies) Turkish_Knight: any will due ty
(33:50 / Allies) Turkish_Knight: yes
(34:04 / Allies) Juggs_0_0: all i can spare
(34:12 / Allies) Turkish_Knight: its enought ty
(34:16 / Allies) Juggs_0_0: np
(34:42 / Allies) BlackMystery: can i get some $
(34:44 / Allies) BlackMystery: like 3g
(34:58 / All) BlackMystery: ty
(35:05 / Allies) Juggs_0_0: i need some help for a new mine
(35:37 / Allies) BlackMystery: Sigh.
(35:39 / Allies) TALONSAREIMBA: we're fine
(35:40 / Allies) TALONSAREIMBA: lol
(35:45 / Allies) BlackMystery: yeah
(35:46 / Allies) BlackMystery: i have no expo
(35:53 / Allies) Juggs_0_0: there comeing for me
(35:54 / Allies) BlackMystery: at lesat i can;'t buold one
(36:00 / Allies) BlackMystery: damnit pink.. x.x
(36:07 / Allies) Juggs_0_0: they fucking love me
(36:13 / Allies) Turkish_Knight: d
(36:14 / Allies) Turkish_Knight: d
(36:14 / Allies) Turkish_Knight: dd
(36:15 / Allies) Turkish_Knight: d
(36:16 / Allies) Juggs_0_0: damn
(36:17 / Allies) TALONSAREIMBA: we won lol
(36:23 / Allies) TALONSAREIMBA: pink ur dead
(36:36 / Allies) TALONSAREIMBA: i defend
(36:54 / Allies) Turkish_Knight: i rebuild my units
(37:03 / Allies) Juggs_0_0: they attacked u ones they keep hiting me cuz of raiders
(37:17 / Allies) Turkish_Knight: they know ur a noob
(37:24 / Allies) Juggs_0_0: lol its magic
(37:52 / Allies) Juggs_0_0: can any1 spare 300?
(38:48 / Allies) Juggs_0_0: red
(38:49 / Allies) Juggs_0_0: lol
(39:10 / Allies) BlackMystery: any of u cleared tht yet?
(39:14 / Allies) Turkish_Knight: no
(39:17 / Allies) BlackMystery: shit
(39:21 / Allies) Juggs_0_0: lol im still here
(39:22 / Allies) BlackMystery: im going to need help blue